 Dungeon Crawl Stone Soup version 0.23-a0-641-g0a7f1ce553 (webtiles) character file.

70 HereIgoKillingAgain the Chopper (level 4, -11/35 HPs)
             Began as a Demonspawn Fighter on Dec 30, 2018.
             Mangled by an orc warrior
             ... wielding a +0 mace
              (18 damage)
             ... on level 2 of the Dungeon.
             The game lasted 00:01:00 (1045 turns).

HereIgoKillingAgain the Chopper (DsFi)              Turns: 1045, Time: 00:01:01

Health: -11/35     AC:  6    Str: 17    XL:     4   Next: 4%
Magic:  4/4        EV:  9    Int: 10    God:
Gold:   43         SH:  0    Dex: 12    Spells: 3/3 levels left

rFire    + . .     SeeInvis .   a - +0 war axe
rCold    + . .     Gourm    .   (no shield)
rNeg     . . .     Faith    .   b - +0 scale mail
rPois    +         Spirit   .   (no helmet)
rElec    +         Reflect  .   (no cloak)
rCorr    +         Harm     .   (no gloves)
MR       .....                  (no boots)
Stlth    ..........             c - amulet of regeneration
HPRegen  0.51/turn              (no ring)
MPRegen  0.09/turn              (no ring)

@: about to teleport, resistant
A: claws 2, spiny 1
a: no special abilities


You were on level 2 of the Dungeon.
You were hungry.

You visited 1 branch of the dungeon, and saw 2 of its levels.

You collected 43 gold pieces.

Inventory:

Hand Weapons
 a - a +0 war axe (weapon)
Armour
 b - a +0 scale mail (worn)
Jewellery
 c - an amulet of regeneration (around neck)
Scrolls
 g - a scroll of identify
 h - a scroll of teleportation
 i - a scroll of blinking {unknown}
 j - a scroll of remove curse {unknown}
 k - a scroll of enchant armour {unknown}
Potions
 d - 2 potions of might
Comestibles
 f - 4 rations


   Skills:
 - Level 3.0 Fighting
 + Level 4.0 Axes
 - Level 2.6 Armour
   Level 2.6 Shields


You had 3 spell levels left.
You didn't know any spells.
Your spell library was empty.

Dungeon Overview and Level Annotations

Branches:
Dungeon (2/15)

Altars:
Vehumet


Innate Abilities, Weirdness & Mutations

You have very sharp fingernails.
You are partially covered in sharp spines.


Message History

An orc comes into view.
You are too injured to fight recklessly!
Unknown command.
You are too injured to fight recklessly!
There is a stone staircase leading up here.
You aren't carrying any items that you can evoke.
It was a potion of resistance.
You feel protected.
The orc warrior hits you with a +0 mace!
* * * LOW HITPOINT WARNING * * *
As you read the scroll labeled YCVIYN DIWOUNIA, it crumbles to dust.
It is a scroll of identify.
h - 2 scrolls of teleportation The orc warrior hits you with a +0 mace.
* * * LOW HITPOINT WARNING * * *
As you read the scroll of teleportation, it crumbles to dust.
You feel strangely unstable.
The orc warrior hits you with a +0 mace!!
Ouch! That really hurt!
You die...

#...# #.# #)# ###
##....##.###.# #.##
...._......#.## #..###
.##....##..#..# #....#
##...##..w..###########..#.#
##
#w####.#...............##.###.
... #..###. ###. ....#
##o##..##.......#### . ....##
##@#..##..#.##.# . .#..
###........#.##.#### ....#
#...#..##.##.##..... ##.#.#
#......##.##.#.#.###
#.###.....###.##..###.##
###...###..# #.##.## ##..
#.....# #..# #.#.## #..
....###.###.## #.##.## ##..
##. #.....# #.###.###...


You could see an orc warrior, a worm and an orc.

Vanquished Creatures
  2 adders (D:2)
  An ooze (D:1)
  3 dart slugs
  A ball python (D:1)
  3 bats
  2 giant cockroaches (D:1)
  3 goblins (D:1)
  8 hobgoblins
  4 jackals (D:1)
  4 frilled lizards (D:1)
  5 kobolds
  5 rats
41 creatures vanquished.

Notes
Turn   | Place    | Note
-------+----------+-------------------------------------------
     0 | D:1      | HereIgoKillingAgain the Demonspawn Fighter began the quest
                  | for the Orb.
     0 | D:1      | Reached XP level 1. HP: 18/18 MP: 1/1
    18 | D:1      | Reached skill level 2 in Axes
    34 | D:1      | Gained mutation: You are partially covered in sharp spines.
                  | [demonic ancestry]
    34 | D:1      | Reached XP level 2. HP: 10/24 MP: 2/2
   281 | D:1      | Reached skill level 3 in Axes
   335 | D:1      | Gained mutation: You have sharp fingernails. [demonic
                  | ancestry]
   335 | D:1      | Reached XP level 3. HP: 27/29 MP: 3/3
   920 | D:2      | Gained mutation: You have very sharp fingernails. [demonic
                  | ancestry]
   920 | D:2      | Reached XP level 4. HP: 35/35 MP: 4/4
   987 | D:2      | Reached skill level 4 in Axes
  1027 | D:2      | Found a radiant altar of Vehumet.
  1029 | D:2      | Noticed an orc warrior
  1045 | D:2      | Mangled by an orc warrior

Vault maps used:
D:1:      saegor_arrival_miasma
D:2:      nicolae_overflow_crystal_walls, minmay_misc_feat_more_columns,
          due_unseen_surprise, uniq_crazy_yiuf_cottage, uniq_robin

Skill      XL: |  1  2  3  4 |
---------------+-------------+-----
Axes           | 2 3 4 |  4.0
Fighting       | |  3.0
Armour         | |  2.6
Shields        | |  2.6

Action                   |  1- 3 |  4- 6 || total
-------------------------+-------+-------++-------
Melee: War axe           |    90 |     4 ||    94
  Use: Scroll            |       |     2 ||     2
       Potion            |       |     1 ||     1
Armor: Scale mail        |    42 |     2 ||    44
Dodge: Dodged            |    40 |     1 ||    41
Block: Shield            |    21 |       ||    21

Table legend:
 A = Non-vault XP
 B = Vault XP
 C = Vault XP percentage of total XP
 D = Non-vault monster count
 E = Vault monster count
 F = Vault count percentage of total count
                 A         B        C        D         E       F
            +---------+---------+-------+---------+---------+-------
      Total |     101 |       0 |   0.0 |      41 |       0 |   0.0
            +---------+---------+-------+---------+---------+-------
        D:1 |      63 |       0 |   0.0 |      33 |       0 |   0.0
        D:2 |      38 |       0 |   0.0 |       8 |       0 |   0.0
            +---------+---------+-------+---------+---------+-------
